[Event "Titled Tuesday Blitz August 22 Early 2023"]
[White "Buraczewski, Rafal"]
[Black "Marn, Jan"]
[WhiteFideId "1155245"]
[BlackFideId "14619245"]
[WhiteElo "2120"]
[BlackElo "2481"]
[Result "0-1"]
[Round "4"]
[TimeControl "180+1"]
[Date "2023.08.22"]
[WhiteClock "0:00:00"]
[BlackClock "0:00:04"]
[Board "139"]

1. d4 e6 2. c4 f5 3. Nf3 Nf6 4. Nc3 Bb4 5. Qc2 O-O 6. g3 b6 7. Bg2 Bb7 8. O-O Ne4 9. Nd2 d5 10. cxd5 exd5 11. f3 Nf6 12. Qb3 Bxc3 13. bxc3 Kh8 14. Ba3 Re8 15. Rae1 Nbd7 16. c4 dxc4 17. Nxc4 Bd5 18. Qc2 c5 19. Nd6 Rf8 20. dxc5 Nxc5 21. Bxc5 bxc5 22. Nxf5 Qb6 23. e4 Bg8 24. Rc1 c4+ 25. Kh1 Nd7 26. Ne7 Bf7 27. f4 Nc5 28. e5 Rad8 29. Rb1 Qa6 30. Nc6 Rc8 31. Nb4 Qa5 32. f5 Na6 33. Nxa6 Qxa6 34. e6 Be8 35. Qc3 Bc6 36. Rb2 Bxg2+ 37. Rxg2 Rf6 38. g4 Rcf8 39. e7 Re8 40. g5 Rf7 41. f6 gxf6 42. g6 hxg6 43. Rxg6 Qc6+ 44. Kg1 Rexe7 45. Qh3+ Rh7 46. Rh6 Rg7+ 47. Kf2 Qc5+ 48. Ke1 Re7+ 49. Kd1 Qd4+ 50. Kc1 Qa1+ 51. Kc2 Qxa2+ 52. Kc3 Qb3+ 53. Kd4 Qxh3 54. Rxh3 Rxh3 0-1


[Site "https://www.chess.com"]

[Event "Titled Tuesday Blitz August 22 Early 2023"]
[White "Wagner, Dennis"]
[Black "Tomaszewski, Kacper"]
[WhiteFideId "24650684"]
[BlackFideId "1127373"]
[WhiteElo "2746"]
[BlackElo "2422"]
[Result "1-0"]
[Round "4"]
[TimeControl "180+1"]
[Date "2023.08.22"]
[WhiteClock "0:00:04"]
[BlackClock "0:00:00"]
[Board "141"]

1. d4 Nf6 2. Nf3 e6 3. c4 d5 4. g3 c5 5. Bg2 cxd4 6. Nxd4 Bb4+ 7. Bd2 Bxd2+ 8. Qxd2 dxc4 9. Na3 O-O 10. Nxc4 Nc6 11. Nxc6 Qxd2+ 12. Kxd2 bxc6 13. Rhc1 Rb8 14. b3 Ng4 15. h3 Rd8+ 16. Ke1 Nf6 17. Na5 Bd7 18. Nxc6 Bxc6 19. Bxc6 Nd5 20. Rc4 Nb4 21. Bf3 Rdc8 22. Rac1 Rxc4 23. Rxc4 Nxa2 24. Ra4 Nc3 25. Rxa7 g6 26. Ra8 Rxa8 27. Bxa8 Kf8 28. Kd2 Nb5 29. Kd3 Ke7 30. Kc4 Nd6+ 31. Kc5 Kd7 32. b4 Kc7 33. b5 Nc8 34. Bc6 f6 35. f4 h6 36. h4 g5 37. fxg5 fxg5 38. h5 Nb6 39. Bf3 Na4+ 40. Kd4 Kd6 41. Kc4 Nb6+ 42. Kb4 e5 43. Be4 Nd7 44. Bf5 Nb6 45. g4 Nd5+ 46. Kc4 Ne3+ 47. Kd3 Nd5 48. Bc8 Nf4+ 49. Ke3 Nd5+ 50. Kf3 Kc5 51. Bd7 Nc3 52. Be8 e4+ 53. Ke3 Kd5 54. Bf7+ Kc5 55. b6 Kxb6 56. Kd4 Nxe2+ 57. Kxe4 Ng3+ 58. Ke5 Kc5 59. Kf6 Kd6 60. Kg7 Ke7 61. Bg6 1-0


[Site "https://www.chess.com"]

[Event "Titled Tuesday Blitz August 22 Early 2023"]
[White "Eggleston, Thomas A"]
[Black "Blanco Ronquillo, Humberto L."]
[WhiteFideId "412139"]
[BlackFideId "3504239"]
[WhiteElo "2421"]
[BlackElo "2716"]
[Result "1-0"]
[Round "4"]
[TimeControl "180+1"]
[Date "2023.08.22"]
[WhiteClock "0:00:20"]
[BlackClock "0:00:06"]
[Board "142"]

1. e4 e5 2. f4 exf4 3. Bc4 Ne7 4. Nc3 Ng6 5. Nf3 Bb4 6. Nd5 Ba5 7. b4 Bb6 8. Nxb6 axb6 9. Bb2 O-O 10. Qe2 Nc6 11. Qd3 d6 12. Qc3 Nce5 13. O-O-O Be6 14. Bb3 Bxb3 15. axb3 f6 16. d4 Nd7 17. h4 h6 18. h5 Nh8 19. g3 fxg3 20. Rdg1 Qe7 21. Rxg3 Qxe4 22. Rhg1 Rf7 23. Rg4 Qf5 24. Nh4 Qxh5 25. Qf3 Qb5 26. Nf5 Kf8 27. Rxg7 Qxb4 28. Rg8# 1-0


[Site "https://www.chess.com"]

[Event "Titled Tuesday Blitz August 22 Early 2023"]
[White "Kleiman, Jake"]
[Black "Ronka, Erik"]
[WhiteFideId "2020041"]
[BlackFideId "505080"]
[WhiteElo "2685"]
[BlackElo "2421"]
[Result "1-0"]
[Round "4"]
[TimeControl "180+1"]
[Date "2023.08.22"]
[WhiteClock "0:00:04"]
[BlackClock "0:00:02"]
[Board "143"]

1. c4 c6 2. e4 d5 3. exd5 cxd5 4. d4 Nf6 5. Nc3 g6 6. cxd5 Nxd5 7. Qb3 Nb6 8. d5 Bg7 9. Be3 O-O 10. Rd1 Bg4 11. Be2 Bxe2 12. Ngxe2 N8d7 13. a4 Rc8 14. O-O Nc4 15. Bd4 Nd6 16. Bxg7 Kxg7 17. Rd4 Nc5 18. Qd1 Qb6 19. b4 Nd7 20. a5 Qc7 21. Re1 Rfe8 22. h3 b6 23. a6 b5 24. Qa1 Kg8 25. Ne4 Qb6 26. N2g3 Rc4 27. Red1 Rec8 28. h4 Rxd4 29. Rxd4 Rc4 30. Ne2 Nxe4 31. h5 Rxd4 32. Nxd4 Ndf6 33. h6 Qd6 34. Qc1 Qd7 35. Qf4 Nd6 36. Qe5 Kf8 37. Nc6 Ke8 38. Qd4 Nc8 39. Qc3 Qxd5 40. Nd4 Qd7 41. Nxb5 Nb6 42. Qc5 Ne4 43. Qe5 Nd6 44. Qh8# 1-0


[Site "https://www.chess.com"]

[Event "Titled Tuesday Blitz August 22 Early 2023"]
[White "Jakubowski, Krzysztof"]
[Black "Shohat, Yotam"]
[WhiteFideId "1112848"]
[BlackFideId "2813955"]
[WhiteElo "2647"]
[BlackElo "2421"]
[Result "1-0"]
[Round "4"]
[TimeControl "180+1"]
[Date "2023.08.22"]
[WhiteClock "0:01:47"]
[BlackClock "0:01:10"]
[Board "144"]

1. e4 c5 2. Nf3 d6 3. d4 cxd4 4. Nxd4 Nf6 5. Nc3 a6 6. Be3 e5 7. Nb3 Be6 8. h3 h5 9. f4 exf4 10. Bxf4 Nc6 11. Qf3 Ne5 12. Qe3 Be7 13. O-O-O Qc7 14. Nd4 h4 15. Nf5 Bxf5 16. exf5 Rc8 17. Rd2 O-O 18. Bg5 Nh5 19. Nd5 1-0


[Site "https://www.chess.com"]

[Event "Titled Tuesday Blitz August 22 Early 2023"]
[White "Bulmaga, Irina"]
[Black "Rosenberg, Evan S"]
[WhiteFideId "13903063"]
[BlackFideId "2019299"]
[WhiteElo "2636"]
[BlackElo "2421"]
[Result "1-0"]
[Round "4"]
[TimeControl "180+1"]
[Date "2023.08.22"]
[WhiteClock "0:01:19"]
[BlackClock "0:00:27"]
[Board "145"]

1. e4 c5 2. Nf3 g6 3. c3 d5 4. e5 Nc6 5. d4 cxd4 6. cxd4 Bg4 7. Bb5 Nh6 8. Nbd2 Nf5 9. Bxc6+ bxc6 10. h3 Bxf3 11. Nxf3 h5 12. O-O e6 13. Bg5 Be7 14. Bxe7 Qxe7 15. Rc1 Qb7 16. Qa4 Rc8 17. Rc2 O-O 18. Rfc1 Rc7 19. b3 Rfc8 20. b4 Qb6 21. Rc5 Rb7 22. a3 Rbc7 23. Kh2 a6 24. g3 Kg7 25. Kg2 Qb7 26. Qc2 Qb6 27. Qd2 Ra7 28. g4 hxg4 29. hxg4 Nh6 30. Qf4 Ng8 31. Ra5 Qd8 32. Rh1 Rb8 33. Ng5 Nh6 34. Rxh6 1-0


[Site "https://www.chess.com"]

[Event "Titled Tuesday Blitz August 22 Early 2023"]
[White "Haug, Havard"]
[Black "Efremov, Vladislav"]
[WhiteFideId "1547887"]
[BlackFideId "44159935"]
[WhiteElo "2634"]
[BlackElo "2419"]
[Result "1-0"]
[Round "4"]
[TimeControl "180+1"]
[Date "2023.08.22"]
[WhiteClock "0:01:35"]
[BlackClock "0:00:00"]
[Board "146"]

1. e4 c5 2. c3 d5 3. exd5 Qxd5 4. d4 Nf6 5. Nf3 Bg4 6. dxc5 Qxd1+ 7. Kxd1 e5 8. b4 e4 9. h3 Bh5 10. g4 Nxg4 11. hxg4 Bxg4 12. Rg1 Bxf3+ 13. Kc2 a5 14. Bf4 Nc6 15. Bb5 O-O-O 16. Bxc6 bxc6 17. Nd2 Be2 18. Nb3 Bd3+ 19. Kb2 axb4 20. cxb4 Be7 21. Be5 f6 22. Rxg7 Rd7 23. Rxe7 Rxe7 24. Bxf6 Ree8 25. Bxh8 Rxh8 26. Nd4 Kd7 27. Rg1 h5 28. Rg7+ Kc8 29. Nxc6 h4 30. a4 h3 31. b5 Rh6 32. Na7+ Kb8 33. c6 Rg6 34. Rxg6 e3 35. Rg8+ Kxa7 36. fxe3 h2 37. Rh8 Kb6 38. Rxh2 1-0


[Site "https://www.chess.com"]

[Event "Titled Tuesday Blitz August 22 Early 2023"]
[White "Caspi, Israel"]
[Black "Issabayev, Dias"]
[WhiteFideId "2807394"]
[BlackFideId "13703110"]
[WhiteElo "2602"]
[BlackElo "2417"]
[Result "0-1"]
[Round "4"]
[TimeControl "180+1"]
[Date "2023.08.22"]
[WhiteClock "0:00:13"]
[BlackClock "0:00:08"]
[Board "147"]

1. e4 c5 2. d4 cxd4 3. Qxd4 Nc6 4. Qd3 g6 5. Nc3 Bg7 6. Nf3 d6 7. h3 Nf6 8. Be2 O-O 9. O-O Nd7 10. Nd5 Nc5 11. Qe3 Be6 12. Rd1 Rc8 13. c3 a5 14. Bb5 a4 15. Nd4 Bd7 16. Nc2 e6 17. Nf4 Qa5 18. Bxc6 Bxc6 19. f3 d5 20. exd5 exd5 21. Nxd5 Rce8 22. Ne7+ Kh8 23. Nxc6 bxc6 24. Qf2 Qb5 25. Nd4 Qc4 26. Be3 Nd3 27. Qe2 Nxb2 28. Qxb2 Rxe3 29. Rac1 c5 30. Nc2 Rxc3 31. Qb1 h5 32. Kh1 Qh4 33. Ne1 Re8 34. Rxc3 Bxc3 35. Nd3 Re2 36. Qc1 Bd4 37. Qh6+ Kg8 38. Rb1 Re8 39. Qd2 c4 40. Nb4 c3 41. Qd3 Re3 42. Qd1 Be5 43. Nc6 Bg3 44. Qc2 Qc4 45. Na5 Qe6 46. Rg1 Bc7 47. Qxa4 Re2 48. Nc6 Qxh3+ 49. gxh3 Rh2# 0-1


[Site "https://www.chess.com"]

[Event "Titled Tuesday Blitz August 22 Early 2023"]
[White "Gimenez Aguirre, Alejo Ismael"]
[Black "Pein, Jonathan"]
[WhiteFideId "32041667"]
[BlackFideId "417092"]
[WhiteElo "2600"]
[BlackElo "2417"]
[Result "1/2-1/2"]
[Round "4"]
[TimeControl "180+1"]
[Date "2023.08.22"]
[WhiteClock "0:01:30"]
[BlackClock "0:00:05"]
[Board "148"]

1. e4 e5 2. Nf3 d6 3. d4 exd4 4. Nxd4 Nf6 5. Nc3 g6 6. Be3 Bg7 7. f3 O-O 8. Bc4 a6 9. a4 Nc6 10. Qd2 Re8 11. O-O-O Nxd4 12. Bxd4 Bd7 13. g4 b5 14. Bd5 c6 15. Bb3 b4 16. Ne2 c5 17. Be3 Qa5 18. Qxd6 Bxa4 19. Bxa4 Qxa4 20. Kb1 Nxe4 21. fxe4 Bxb2 22. Kxb2 Qa3+ 23. Kb1 b3 24. Nc1 Rab8 25. cxb3 Rxb3+ 26. Nxb3 Qxb3+ 27. Kc1 Qc3+ 28. Kb1 Qb3+ 29. Ka1 Qa3+ 30. Kb1 Qb3+ 1/2-1/2


[Site "https://www.chess.com"]

[Event "Titled Tuesday Blitz August 22 Early 2023"]
[White "UnknownMagician"]
[Black "Llanos, Guillermo"]
[BlackFideId "100358"]
[WhiteElo "2590"]
[BlackElo "2417"]
[Result "0-1"]
[Round "4"]
[TimeControl "180+1"]
[Date "2023.08.22"]
[WhiteClock "0:00:38"]
[BlackClock "0:00:30"]
[Board "149"]

1. d4 Nf6 2. Nf3 b6 3. Bg5 g6 4. Nbd2 Bg7 5. c3 d5 6. e3 O-O 7. Be2 c5 8. O-O Ba6 9. Bxa6 Nxa6 10. Ne5 Qc8 11. Qa4 Nc7 12. Rac1 Ne6 13. Bh4 c4 14. b3 cxb3 15. axb3 Re8 16. c4 dxc4 17. bxc4 Qb7 18. Qc6 Qxc6 19. Nxc6 Kf8 20. Ra1 a5 21. Rfb1 Nd7 22. Rb5 f6 23. Bg3 Rec8 24. d5 Nec5 25. Nb3 Nxb3 26. Rxb3 f5 27. Ra2 a4 28. Rba3 Nc5 29. Nd4 Kf7 30. Kf1 Bxd4 31. exd4 Nb3 32. Rxa4 Rxa4 33. Rxa4 Rxc4 34. Rxc4 Nd2+ 35. Ke2 Nxc4 36. Kd3 Nd6 37. Be5 Ke8 38. f3 Kd7 39. g4 fxg4 40. fxg4 b5 41. h3 Nc4 42. Kc3 Nb6 43. Kb4 Nxd5+ 44. Kxb5 Ke6 45. Kc6 Ne3 46. Bf4 Nd5 47. Be5 h5 48. Kc5 hxg4 49. hxg4 Ne3 50. Kc6 Nxg4 51. Bf4 Nf6 52. Be5 Nd5 53. Kc5 g5 54. Kc4 g4 55. Kd3 Kf5 56. Ke2 e6 57. Kf2 Ne7 58. Kg2 Ng6 59. Kf2 Nxe5 0-1


[Site "https://www.chess.com"]

[Event "Titled Tuesday Blitz August 22 Early 2023"]
[White "Kochiev, Ivan"]
[Black "Namitbir Singh Walia"]
[WhiteFideId "2917890"]
[BlackFideId "35071068"]
[WhiteElo "2590"]
[BlackElo "2414"]
[Result "0-1"]
[Round "4"]
[TimeControl "180+1"]
[Date "2023.08.22"]
[WhiteClock "0:01:19"]
[BlackClock "0:00:38"]
[Board "150"]

1. e4 c5 2. Nf3 Nc6 3. d4 cxd4 4. Nxd4 g6 5. c4 Nf6 6. Nc3 Nxd4 7. Qxd4 d6 8. Be3 Bg7 9. f3 O-O 10. Qd2 Qa5 11. Be2 Be6 12. O-O Rfc8 13. b3 Nd7 14. Rac1 a6 15. Nd5 Qxd2 16. Bxd2 Bxd5 17. cxd5 b5 18. Be3 Bb2 19. Rb1 Ba3 20. Bd3 Rc3 21. Rfd1 Ne5 22. Bd4 Rxd3 23. Bxe5 Rxd1+ 24. Rxd1 dxe5 0-1


[Site "https://www.chess.com"]

[Event "Titled Tuesday Blitz August 22 Early 2023"]
[White "Rozhkov, Viacheslav"]
[Black "Aevengho"]
[WhiteFideId "4181484"]
[WhiteElo "2414"]
[BlackElo "2586"]
[Result "0-1"]
[Round "4"]
[TimeControl "180+1"]
[Date "2023.08.22"]
[WhiteClock "0:00:13"]
[BlackClock "0:00:21"]
[Board "151"]

1. e4 d6 2. d4 Nf6 3. Nc3 g6 4. Nf3 Bg7 5. Be3 a6 6. Qd2 b5 7. a3 Bb7 8. Bd3 O-O 9. h4 Ng4 10. h5 Nxe3 11. Qxe3 c5 12. hxg6 hxg6 13. dxc5 dxc5 14. O-O-O Qc7 15. Ng5 Rd8 16. Qf3 e6 17. Nh7 Qe5 18. Qg4 Nc6 19. f4 Qd4 20. Qg3 b4 21. Be2 bxc3 22. Rxd4 Nxd4 23. Bd3 c4 24. bxc3 cxd3 25. cxd4 Rac8 26. Qxd3 Rxd4 27. Qh3 Bxe4 28. Ng5 Rxc2+ 29. Kb1 Rc3+ 30. Nxe4 Rxh3 31. Rxh3 Rxe4 32. Rb3 Rxf4 33. Rb6 a5 34. Rb5 a4 35. Kc2 g5 36. g3 Rg4 37. Ra5 Bf8 38. Kb2 Rxg3 39. Rxa4 Rxa3 40. Rxa3 Bxa3+ 41. Kxa3 f5 42. Kb3 Kf7 43. Kc2 Kf6 44. Kd2 e5 45. Ke1 e4 46. Kf2 Ke5 47. Kg1 f4 48. Kf2 e3+ 49. Kf1 Ke4 50. Ke1 f3 51. Kf1 Kd3 52. Ke1 f2+ 53. Kf1 Kd2 54. Kg2 Ke2 55. Kh2 f1=Q 56. Kg3 Qf4+ 57. Kg2 Qg4+ 58. Kh1 Kf2 0-1


[Site "https://www.chess.com"]

[Event "Titled Tuesday Blitz August 22 Early 2023"]
[White "ExchangeAB"]
[Black "Shahaliyev, Ismayil"]
[BlackFideId "13406388"]
[WhiteElo "2413"]
[BlackElo "2582"]
[Result "1/2-1/2"]
[Round "4"]
[TimeControl "180+1"]
[Date "2023.08.22"]
[WhiteClock "0:00:22"]
[BlackClock "0:00:18"]
[Board "152"]

1. d4 Nf6 2. Nc3 e6 3. e4 d5 4. exd5 exd5 5. Bd3 Bg4 6. Nge2 Bd6 7. f3 Bh5 8. Nb5 Bg6 9. Nxd6+ Qxd6 10. c3 Bxd3 11. Qxd3 O-O 12. Bf4 Qb6 13. O-O-O a5 14. g4 a4 15. Be5 Nbd7 16. a3 Rfe8 17. Bxf6 Qxf6 18. Ng3 Qf4+ 19. Rd2 Re3 20. Qf5 Qxf5 21. Nxf5 Rxf3 22. Ne7+ Kf8 23. Nxd5 c6 24. Nb4 Re8 25. Nd3 Re4 26. Rg1 Ke7 27. Kc2 Kd6 28. Rgg2 b6 29. Rgf2 Ree3 30. Rxf3 Rxf3 31. Rf2 Rxf2+ 32. Nxf2 Kd5 33. Kd3 b5 34. Nd1 Nb6 35. Ne3+ Ke6 36. c4 Nxc4 37. Nxc4 bxc4+ 38. Kxc4 h5 39. h3 hxg4 40. hxg4 f5 41. gxf5+ Kxf5 42. b3 axb3 43. Kxb3 g5 44. a4 g4 45. a5 g3 46. a6 g2 47. a7 g1=Q 48. a8=Q Qb1+ 49. Kc3 Qc1+ 50. Kd3 Qd1+ 51. Kc3 Qe1+ 52. Kd3 Qe4+ 53. Kc3 Qf3+ 54. Kc4 Qe2+ 55. Kc3 Qe6 56. Qa5+ Ke4 57. Qg5 Qh3+ 58. Kb2 Kxd4 59. Qf6+ Kc5 60. Qe7+ Kd5 61. Qf7+ Qe6 62. Qf3+ Qe4 63. Qf7+ Kc5 64. Qa7+ Kd6 65. Qb8+ Ke7 66. Qc7+ Ke6 67. Kc3 Qd5 68. Qc8+ Qd7 69. Qxd7+ Kxd7 70. Kc4 Kd6 71. Kd4 c5+ 72. Kc4 Kc6 73. Kc3 Kd5 74. Kd3 c4+ 75. Kc3 Kc5 76. Kc2 Kd4 77. Kd2 Kd5 78. Kc3 Kc5 79. Kc2 Kb4 80. Kb2 c3+ 81. Kc2 Kc4 82. Kc1 Kd4 83. Kc2 Kc4 84. Kc1 Kb3 85. Kb1 c2+ 86. Kc1 Kc3 1/2-1/2


[Site "https://www.chess.com"]

[Event "Titled Tuesday Blitz August 22 Early 2023"]
[White "Kozin, Yuri"]
[Black "Rom, Jasper"]
[WhiteFideId "4129920"]
[BlackFideId "2023733"]
[WhiteElo "2573"]
[BlackElo "2403"]
[Result "0-1"]
[Round "4"]
[TimeControl "180+1"]
[Date "2023.08.22"]
[WhiteClock "0:00:00"]
[BlackClock "0:00:09"]
[Board "153"]

1. e4 e6 2. d4 d5 3. Nd2 Be7 4. Bd3 c5 5. dxc5 a5 6. Ngf3 Nf6 7. Qe2 O-O 8. e5 Nfd7 9. h4 h6 10. Nb3 Na6 11. c6 bxc6 12. Bd2 Nb4 13. Nbd4 Nxd3+ 14. cxd3 Qb6 15. O-O Ba6 16. Rab1 Nc5 17. Ne1 Nxd3 18. Qg4 Nxe5 19. Qf4 Ng6 20. Qg4 h5 21. Qxh5 Qxd4 22. Nf3 Qd3 23. Rfd1 Qf5 24. Bg5 Be2 25. Re1 Bxf3 26. gxf3 Bxg5 27. hxg5 Nf4 28. Qh4 Qxg5+ 0-1


[Site "https://www.chess.com"]

[Event "Titled Tuesday Blitz August 22 Early 2023"]
[White "Colas, Joshua"]
[Black "KorolDimitriy75"]
[WhiteFideId "2044447"]
[WhiteElo "2571"]
[BlackElo "2402"]
[Result "1-0"]
[Round "4"]
[TimeControl "180+1"]
[Date "2023.08.22"]
[WhiteClock "0:01:59"]
[BlackClock "0:00:33"]
[Board "154"]

1. c4 c5 2. Nf3 g6 3. b3 Bg7 4. Nc3 Nc6 5. Bb2 d6 6. g3 e5 7. Bg2 Nge7 8. O-O O-O 9. e3 f5 10. d4 e4 11. Ng5 h6 12. Nh3 cxd4 13. exd4 Nxd4 14. Nf4 Kh7 15. h4 Nec6 16. Rb1 Ne5 17. Kh1 Ndf3 18. Ncd5 Nxh4 19. gxh4 Qxh4+ 20. Kg1 Qxf4 21. Nxf4 1-0


[Site "https://www.chess.com"]

[Event "Titled Tuesday Blitz August 22 Early 2023"]
[White "Ribeiro, Matheus Mendes Domingues"]
[Black "Delorme, Axel"]
[WhiteFideId "324226923"]
[BlackFideId "632023"]
[WhiteElo "2569"]
[BlackElo "2402"]
[Result "1/2-1/2"]
[Round "4"]
[TimeControl "180+1"]
[Date "2023.08.22"]
[WhiteClock "0:00:14"]
[BlackClock "0:00:49"]
[Board "155"]

1. c4 c5 2. Nf3 Nf6 3. Nc3 Nc6 4. g3 g6 5. Bg2 Bg7 6. O-O O-O 7. d4 cxd4 8. Nxd4 Qa5 9. Be3 Qh5 10. Nxc6 dxc6 11. Bc5 Re8 12. Ba3 Be6 13. b3 Ng4 14. h3 Bxc3 15. Rc1 Bf6 16. hxg4 Bxg4 17. Bf3 Bxf3 18. exf3 Rad8 19. Qe2 Bd4 20. Kg2 e5 21. Bb2 Qg5 22. Rcd1 c5 23. Bc1 Qf6 24. Qe4 Rd7 25. Rh1 Red8 26. Rh6 Qf5 27. Rdh1 Qxe4 28. fxe4 f6 29. g4 Rf8 30. f3 Bc3 31. Kg3 Bd2 32. Rd1 Rfd8 33. Bxd2 Rxd2 34. Rxd2 Rxd2 35. Rh1 Kg7 36. a3 Rd3 37. b4 Rxa3 38. bxc5 Rc3 39. Rd1 Kh6 40. Rd7 Rxc4 41. Rxb7 Rxc5 42. Rxa7 Rc1 43. Ra2 Rc7 44. Ra6 Kg7 45. Rb6 Rf7 46. Ra6 Kh6 47. Rb6 Kg5 48. Ra6 h5 49. gxh5 gxh5 50. Ra8 Rg7 51. Rf8 Rg6 52. Rh8 Rg7 53. Rf8 Kg6 54. Rh8 Rh7 55. Rg8+ Kf7 56. Rc8 Rg7+ 57. Kh4 Kg6 58. Rc2 f5 59. Rg2+ Kf6 60. Rxg7 Kxg7 61. Kxh5 Kf6 62. Kh6 fxe4 63. fxe4 Kf7 64. Kg5 Kg7 65. Kf5 Kf7 66. Kxe5 Ke7 67. Kf5 Kf7 68. e5 Ke7 69. e6 Ke8 70. Kf6 Kf8 71. Ke5 Ke7 72. Kd5 Ke8 73. Kd6 Kd8 74. Kd5 Ke7 75. Ke5 Ke8 76. Kf6 Kf8 77. Kg5 Ke7 78. Kf5 Ke8 79. Kf6 1/2-1/2


[Site "https://www.chess.com"]

[Event "Titled Tuesday Blitz August 22 Early 2023"]
[White "Ganiev, Roman"]
[Black "Melikhov, Evgeny V."]
[WhiteFideId "4131452"]
[BlackFideId "4122046"]
[WhiteElo "2567"]
[BlackElo "2402"]
[Result "0-1"]
[Round "4"]
[TimeControl "180+1"]
[Date "2023.08.22"]
[WhiteClock "0:00:04"]
[BlackClock "0:00:17"]
[Board "156"]

1. e4 e5 2. d4 exd4 3. Qxd4 Nc6 4. Qe3 d6 5. Nc3 Nf6 6. Bd2 Be7 7. O-O-O O-O 8. f3 a6 9. g4 b5 10. h4 b4 11. Nce2 a5 12. Nf4 a4 13. g5 Nd7 14. Nd5 b3 15. cxb3 axb3 16. a4 Rxa4 17. Bc3 Nc5 18. Bb5 Ra1+ 19. Kd2 Rxd1+ 20. Kxd1 Bd7 21. Ne2 Ne5 22. Bxd7 Qxd7 23. f4 Ng4 24. Qd4 f6 25. Kd2 c6 26. Ne3 Nf2 27. Rg1 Nfxe4+ 28. Ke1 Nxc3 29. Nxc3 fxg5 30. hxg5 Re8 31. Kd2 Qe6 32. f5 Qe5 33. Qxe5 dxe5 34. f6 Bf8 35. Nf5 g6 36. Ng3 Kf7 37. Nge4 Nxe4+ 38. Nxe4 Rd8+ 39. Ke2 h6 40. gxh6 Bxh6 41. Rh1 Rh8 42. Kf3 Bg7 43. Ra1 Bxf6 44. Ra7+ Ke6 45. Rc7 Rh3+ 46. Kg4 Rh4+ 47. Kf3 Rf4+ 48. Ke3 Kd5 49. Rd7+ Kc4 50. Nd2+ Kb4 51. Rb7+ Kc5 52. Nxb3+ Kd6 53. Nd2 Ke6 54. Ne4 Rh4 55. Rc7 Rh3+ 56. Kf2 Be7 57. Rxc6+ Kd5 58. Rxg6 Kxe4 59. Kg2 Rb3 60. Rg4+ Kf5 61. Rg7 Rxb2+ 62. Kf3 Bf6 63. Rg8 Rb3+ 64. Ke2 Bg5 65. Rf8+ Ke4 0-1


[Site "https://www.chess.com"]

[Event "Titled Tuesday Blitz August 22 Early 2023"]
[White "Kazmin_Semyon"]
[Black "Avazkhonov, Alikhon"]
[BlackFideId "14208504"]
[WhiteElo "2557"]
[BlackElo "2398"]
[Result "0-1"]
[Round "4"]
[TimeControl "180+1"]
[Date "2023.08.22"]
[WhiteClock "0:00:03"]
[BlackClock "0:00:05"]
[Board "157"]

1. Nf3 d5 2. d4 c6 3. c4 e6 4. Nc3 dxc4 5. a4 Bb4 6. e4 b5 7. axb5 cxb5 8. Bd2 Nf6 9. e5 Bxc3 10. bxc3 Ne4 11. g3 Nxd2 12. Qxd2 Bb7 13. Bg2 O-O 14. O-O Nd7 15. Rfb1 a6 16. h4 h6 17. Qc2 Bd5 18. Kh2 Nb6 19. Kh3 g5 20. hxg5 hxg5 21. Qd2 Kg7 22. Rh1 f5 23. Kh2 Rh8+ 24. Kg1 Rxh1+ 25. Bxh1 Kg6 26. Bg2 Qe7 27. Kf1 Na4 28. Ke2 Be4 29. Rh1 a5 30. Nh4+ gxh4 31. Rxh4 Qg5 32. Rxe4 Qxd2+ 33. Kxd2 Rc8 34. Re1 b4 35. Ra1 Nxc3 36. Rxa5 Ne4+ 37. Bxe4 fxe4 38. Rb5 b3 39. Kc3 Kf5 40. Rb6 Kg4 41. Rxe6 Kf3 42. Rf6+ Ke2 43. d5 Rb8 44. Rh6 b2 45. Rh1 Kxf2 46. d6 e3 47. e6 e2 48. d7 b1=Q 49. Rxb1 Rxb1 50. d8=Q e1=Q+ 51. Kxc4 Qxe6+ 52. Kc5 Rc1+ 53. Kb5 Qc6+ 54. Ka5 Ra1+ 55. Kb4 Ra4+ 56. Kb3 Qc4+ 0-1


[Site "https://www.chess.com"]

[Event "Titled Tuesday Blitz August 22 Early 2023"]
[White "Mostbauer, Florian"]
[Black "Polaczek, Richard"]
[WhiteFideId "1626671"]
[BlackFideId "200026"]
[WhiteElo "2554"]
[BlackElo "2397"]
[Result "1-0"]
[Round "4"]
[TimeControl "180+1"]
[Date "2023.08.22"]
[WhiteClock "0:00:02"]
[BlackClock "0:00:00"]
[Board "158"]

1. d4 Nf6 2. Nf3 d5 3. Bf4 c5 4. e3 Nc6 5. dxc5 Qa5+ 6. Nbd2 Qxc5 7. a3 e6 8. c4 Be7 9. b4 Qb6 10. c5 Qd8 11. Rc1 O-O 12. Bd3 Re8 13. O-O Nh5 14. b5 Nxf4 15. exf4 Na5 16. Ne5 g6 17. Nb3 Nxb3 18. Qxb3 Qc7 19. c6 bxc6 20. Rxc6 Qa5 21. Rfc1 Qxa3 22. Qb1 Bd6 23. g3 Rb8 24. h4 Bxe5 25. fxe5 Qa4 26. h5 Qg4 27. hxg6 hxg6 28. Rc7 Kg7 29. Rxa7 Rh8 30. Rcc7 Bb7 31. Bf1 Qh5 32. Bg2 Qh2+ 33. Kf1 d4 34. Raxb7 Rxb7 35. Rxb7 Qh1+ 36. Bxh1 Rxh1+ 37. Ke2 Rxb1 38. Kd3 Rb2 39. f4 Rb3+ 40. Kxd4 Rxg3 41. Kc5 Rc3+ 42. Kd6 Rd3+ 43. Kc6 Rd4 44. b6 Rxf4 45. Rc7 Rc4+ 46. Kb5 1-0


[Site "https://www.chess.com"]

[Event "Titled Tuesday Blitz August 22 Early 2023"]
[White "Wartiovaara, Oliver"]
[Black "Bogaudinov, Rushan"]
[WhiteFideId "513024"]
[BlackFideId "4129288"]
[WhiteElo "2553"]
[BlackElo "2397"]
[Result "0-1"]
[Round "4"]
[TimeControl "180+1"]
[Date "2023.08.22"]
[WhiteClock "0:01:05"]
[BlackClock "0:00:57"]
[Board "159"]

1. b3 a5 2. a4 d5 3. Bb2 Nf6 4. e3 g6 5. Nf3 Bg7 6. Be2 O-O 7. O-O Nc6 8. d4 Bf5 9. Nc3 Nb4 10. Rc1 c6 11. Ne5 Nd7 12. Nd3 Bxd3 13. cxd3 e5 14. dxe5 Nxe5 15. d4 Nd7 16. Qd2 Re8 17. Ba3 Bf8 18. Bb2 f5 19. Rfe1 Nf6 20. Bf1 Bd6 21. f3 Nh5 22. Qf2 Qg5 23. g3 f4 24. exf4 Bxf4 25. Rxe8+ Rxe8 26. Re1 Be3 27. Rxe3 Qxe3 0-1


[Site "https://www.chess.com"]

[Event "Titled Tuesday Blitz August 22 Early 2023"]
[White "Shukhman, Anna"]
[Black "Gheorghiu, Calin"]
[WhiteFideId "54180058"]
[BlackFideId "1200305"]
[WhiteElo "2551"]
[BlackElo "2395"]
[Result "1-0"]
[Round "4"]
[TimeControl "180+1"]
[Date "2023.08.22"]
[WhiteClock "0:00:21"]
[BlackClock "0:00:01"]
[Board "160"]

1. e4 c6 2. d4 d5 3. f3 e5 4. dxe5 Bc5 5. Nc3 Ne7 6. Qd2 O-O 7. Nge2 Qb6 8. Ng3 Bb4 9. a3 Bxc3 10. Qxc3 dxe4 11. Nxe4 Nd5 12. Qc5 Qc7 13. c4 Nb6 14. f4 Bf5 15. Nd6 N8d7 16. Qf2 Be6 17. Bd3 f6 18. Qh4 h6 19. Qg3 fxe5 20. fxe5 Nxe5 21. Bxh6 Nxd3+ 22. Qxd3 gxh6 23. Qg6+ Kh8 24. Qxe6 Qg7 25. O-O-O Na4 26. Rd2 Nc5 27. Qe3 b6 28. Re1 Rad8 29. Kb1 Qg6+ 30. Ka2 Rxd6 31. Qc3+ Kh7 32. Re7+ Kg8 33. Rxd6 Qxg2 34. Rxh6 Rf2 35. Qh8# 1-0


[Site "https://www.chess.com"]

[Event "Titled Tuesday Blitz August 22 Early 2023"]
[White "Najdin, Danil"]
[Black "Yuruultei Batbaatar"]
[WhiteFideId "4172426"]
[BlackFideId "4905962"]
[WhiteElo "2548"]
[BlackElo "2395"]
[Result "1-0"]
[Round "4"]
[TimeControl "180+1"]
[Date "2023.08.22"]
[WhiteClock "0:00:15"]
[BlackClock "0:00:00"]
[Board "161"]

1. d4 Nf6 2. c4 g6 3. Nc3 Bg7 4. e4 d6 5. Be2 O-O 6. Bg5 c5 7. d5 b5 8. cxb5 a6 9. a4 Qa5 10. Qd2 axb5 11. Bxb5 Ba6 12. f3 h6 13. Be3 Bxb5 14. Nxb5 Qb6 15. Ne2 Kh7 16. O-O Nfd7 17. Rab1 Na6 18. b4 Ne5 19. Rfc1 Rfc8 20. h3 Qb7 21. bxc5 Nxc5 22. Nxd6 Qa7 23. Nxc8 Rxc8 24. Qc2 Ned7 25. Rb5 Qc7 26. Bxc5 Qg3 27. Nxg3 1-0


[Site "https://www.chess.com"]